 Dungeon Crawl Stone Soup version 0.29.0-4-gdea44cf6ec (webtiles) character file.

Game seed: 7308791192733675278

1152 SigmundSlayer the Chopper (level 8, -2/62 HPs)
             Began as a Demonspawn Fighter on Aug 27, 2022.
             Was an Elder of Ru.
             Killed from afar by a steam dragon (9 damage)
             ... with a ball of steam
             ... on level 6 of the Dungeon.
             The game lasted 00:07:22 (5003 turns).

SigmundSlayer the Chopper (Demonspawn Fighter)      Turns: 5003, Time: 00:07:23

Health: -2/62      AC:  9    Str: 18    XL:     8   Next: 16%
Magic:  8/8        EV:  9    Int: 13    God:    Ru [****..]
Gold:   55         SH:  5    Dex: 13    Spells: 7/7 levels left

rFire   . . .      SeeInvis .   a - +1 war axe (drain)
rCold   . . .      Faith    .   c - +0 buckler
rNeg    . . .      Spirit   .   b - +0 scale mail
rPois   .          Reflect  .   r - +0 helmet {Int+3}
rElec   .          Harm     .   (no cloak)
rCorr   .          Rampage  .   h - +0 pair of gloves
Will    .....                   (no boots)
Stlth   ..........              (no amulet)
HPRegen 0.20/turn               (no ring)
MPRegen 0.11/turn               (no ring)

@: mighty, lethally poisoned (-2 -> -6)
A: hooves 1, (demonic guardian 1), powered by pain 1, inability to use devices,
hated by all
a: Renounce Religion, Draw Out Power, Power Leap


You were on level 6 of the Dungeon.
You worshipped Ru.
Ru was greatly pleased with you.
You visited 1 branch of the dungeon, and saw 6 of its levels.
You also visited: Sewer.

You collected 287 gold pieces.
You spent 232 gold pieces at shops.

Inventory:

Hand Weapons
 a - a +1 war axe of draining (weapon)
 g - the +1 sling of Calculation {flame, Dex+4}
   (You found it on level 3 of the Dungeon)

   Any ammunition fired from it burns those it strikes, dealing additional fire
   damage.
   Dex:       It affects your dexterity (+4).
Armour
 b - a +0 scale mail (worn)
 c - a +0 buckler (worn)
 h - a +0 pair of gloves (worn)
 r - a +0 helmet of intelligence (worn)
Magical Staves
 f - a staff of cold
Wands
 n - a wand of flame (21)
Scrolls
 i - 3 scrolls of teleportation
 l - a scroll of fog
 p - 2 scrolls of magic mapping
 s - a scroll of identify
Potions
 d - 3 potions of might
 e - a potion of attraction
 j - 2 potions of cancellation
 k - 2 potions of ambrosia
 m - 2 potions of lignification
 o - 2 potions of berserk rage
 q - a potion of curing


   Skills:
 + Level 5.2 Fighting
 * Level 5.8 Axes
 + Level 4.7 Armour
 + Level 4.7 Shields


You had 7 spell levels left.
You didn't know any spells.
Your spell library contained the following spells:

 Spells                   Type           Power      Damage    Failure   Level
 Freeze                   Ice            0%         1d3       77%         1
 Magic Dart               Conj           0%         1d3       77%         1
 Ensorcelled Hibernation  Hex/Ice        0%         N/A       88%         2
 Passwall                 Tmut/Erth      0%         N/A       88%         2
 Searing Ray              Conj           0%         2d4       88%         2
 Confusing Touch          Hex            0%         N/A       98%         3
 Frozen Ramparts          Ice            0%         1d1       98%         3
 Swiftness                Air            0%         N/A       98%         3
 Fulminant Prism          Conj/Hex       0%         3d6       100%        4
 Hailstorm                Conj/Ice       0%         3d3       100%        4
 Yara's Violent Unravell  Hex/Tmut       0%         3d3       100%        5
 Conjure Ball Lightning   Conj/Air       0%         3x3d6     100%        6
 Enfeeble                 Hex            0%         N/A       100%        7
 Discord                  Hex            0%         N/A       100%        8
 Disjunction              Tloc           0%         N/A       100%        8


Dungeon Overview and Level Annotations

Branches:
Dungeon (6/15)             Temple (0/1) D:4           Sewer (visited)

Altars:
Dithmenos
Nemelex Xobeh
Ru
Uskayaw

Shops:
D:4 ([[[[   D:6 !


Innate Abilities, Weirdness & Mutations

You have large cloven feet.
((A weak demonic guardian rushes to your aid.))
You sometimes gain a little power by taking damage.
You cannot study or use magical devices.
You are hated by all.


Message History

You kick the steam dragon, but do no damage.
You barely miss the adder. The adder bites you but does no damage.
You block the adder's attack. The steam dragon breathes steam at you.
The ball of steam hits you!
You hit the steam dragon but do no damage.
You drain the steam dragon. You kick the steam dragon.
The steam dragon is lightly wounded.
You closely miss the adder.
You are engulfed in a cloud of scalding steam.
The adder is stunned by your conviction and fails to attack.
The steam dragon bites you. The steam dragon barely misses you.
The adder bites you but does no damage.
You hit the steam dragon but do no damage.
You kick the steam dragon, but do no damage.
The steam dragon is lightly wounded.
You barely miss the adder.
You are engulfed in a cloud of scalding steam.
The adder bites you.
You are poisoned.
The adder poisons you!
You focus your inner power and blind the steam dragon in retribution!
The steam dragon bites you but does no damage.
The steam dragon barely misses you.
The adder is stunned by your conviction and fails to attack.
You hit the steam dragon. You kick the steam dragon.
The steam dragon is moderately wounded.
You hit the adder. You drain the adder.
You feel very sick. You block the adder's attack.
The steam dragon breathes steam at you. The ball of steam hits you!!
* * * LOW HITPOINT WARNING * * *
You focus on the pain.
You feel very mighty all of a sudden.
You focus your inner power and blind the steam dragon in retribution!
You block the adder's attack. The steam dragon breathes steam at you.
The ball of steam hits you!
You die...

.....##.......#
.##...+.......#.......#
..#...#.......#.......##
#.......#'#####.........
##....###.####..........
#......................
#.....##.##.##.........
#.........#..##.§S......
##....#......##§@D......
#....##....###§#####...
#......>..## #.#.#
........# #.#.#
##.##.#.# #...#
#....#.####.#.#
#.##..........# #
#.#.##.#.#.#
#.#.##.#.#.#


You could see a steam dragon (blind, catching breath, drained) and an adder
(very drained).

Vanquished Creatures
  A black bear (D:5)
  Pargi (Sewer)
  An ogre (D:5)
  A phantom (D:4)
  A necrophage (D:5)
  5 scorpions
  A howler monkey (D:5)
  A hound (D:5)
  A jelly (D:5)
  An orc priest (D:5)
  3 iguanas
  2 orc wizards
  4 gnolls (D:5)
  5 adders
  A shadow imp (D:5)
  2 white imps
  A worm (D:3)
  3 dart slugs
  15 orcs
  7 endoplasms
  2 giant cockroaches (D:3)
  5 goblins
  9 hobgoblins
  4 jackals (D:1)
  7 kobolds
  5 quokkas
  7 ball pythons
  10 bats
  3 frilled lizards
  8 rats
117 creatures vanquished.

Vanquished Creatures (others)
  5 fungi (D:4)
5 creatures vanquished.

Grand Total: 122 creatures vanquished

Notes
Turn   | Place    | Note
-------+----------+-------------------------------------------
     0 | D:1      | SigmundSlayer the Demonspawn Fighter began the quest for
                  | the Orb.
     0 | D:1      | Reached XP level 1. HP: 18/18 MP: 1/1
   427 | D:1      | Gained mutation: You have large cloven feet. [demonic
                  | ancestry]
   427 | D:1      | Reached XP level 2. HP: 22/24 MP: 2/2
  1082 | D:1      | Reached XP level 3. HP: 29/29 MP: 3/3
  1091 | D:1      | Found a faded altar of an unknown god.
  1329 | D:1      | Prayed at the altar of an unknown god.
  1329 | D:1      | Became a worshipper of Ru the Awakened
  1338 | D:1      | Gained mutation: You are hated by all. [Ru sacrifice]
  1338 | D:1      | Reached * piety under Ru
  1338 | D:1      | Reached ** piety under Ru
  2142 | D:3      | Identified the +1 sling of Calculation {flame, Dex+4}
  2212 | D:3      | Gained mutation: You sometimes gain a little power by
                  | taking damage. [demonic ancestry]
  2212 | D:3      | Reached XP level 4. HP: 35/35 MP: 4/4
  2428 | D:3      | Found a hide-covered altar of Uskayaw.
  2529 | D:3      | Found a glowing drain.
  2536 | D:3      | Reached XP level 5. HP: 38/42 MP: 5/5
  2539 | Sewer    | Entered a sewer
  2580 | Sewer    | Noticed Pargi
  2586 | Sewer    | Killed Pargi
  3185 | D:4      | Found Poph's Armour Boutique.
  3188 | D:4      | Found a staircase to the Ecumenical Temple.
  3219 | D:4      | Found Rithri Foma's Antique Armour Shop.
  3252 | D:4      | Found Gaqogem's Armour Emporium.
  3324 | D:4      | Found Zilobrej's Weapon Emporium.
  3333 | D:4      | Noticed a phantom
  3341 | D:4      | Killed a phantom
  3342 | D:4      | Reached XP level 6. HP: 38/48 MP: 6/6
  3456 | D:4      | Found Amaezoje's Antique Armour Shoppe.
  3481 | D:4      | Bought a runed helmet for 232 gold pieces
  3585 | D:4      | Found a sparkling altar of Nemelex Xobeh.
  3623 | D:4      | Gained mutation: You cannot study or use magical devices.
                  | [Ru sacrifice]
  3623 | D:4      | Reached *** piety under Ru
  3623 | D:4      | Reached **** piety under Ru
  3641 | D:5      | Entered Level 5 of the Dungeon
  3643 | D:5      | Found a shadowy altar of Dithmenos.
  3749 | D:5      | Gained mutation: A weak demonic guardian rushes to your
                  | aid. [demonic ancestry]
  3749 | D:5      | Reached XP level 7. HP: 55/55 MP: 7/7
  3893 | D:5      | Reached skill level 5 in Axes
  4240 | D:5      | Reached skill level 5 in Fighting
  4504 | D:5      | Reached XP level 8. HP: 62/62 MP: 8/8
  4943 | D:6      | Found Ymegey Tihe's Distillery.
  5003 | D:6      | Killed from afar by a steam dragon

Illustrated notes

Levels and vault maps discovered:
D:1:      mrwooster_arrival_statue, layout_basic,
          hellmonk_ecumenical_altar_inner_sanctum
D:2:      layout_loops_ring, minmay_misc_feat_nine_boxes, nrook_uturn
D:3:      layout_basic, mainiacjoe_overflow_small_starburst,
          gup_sewer_entry_bubbles
D:4:      layout_basic, lemuel_tele_altar, minmay_temple_entry_junction_2,
          serial_shops, nicolae_shop_stone, shop, nicolae_shop_statue_plus,
          shop, nicolae_shop_temple_entry_statues_fountains,
          dreamdust_mushroom_princess
D:5:      layout_loops_ring, nicolae_dithmenos_the_darkroom, solitary_fountain
D:6:      layout_basic, serial_shops, shop, nicolae_elemental_shop

Skill      XL: |  1  2  3  4  5  6  7 |
---------------+----------------------+-----
Axes           | 2 3 4 5 |  5.8
Armour         | 3 4 |  4.7
Shields        | 3 4 |  4.7
Fighting       | 4 5 |  5.2

Action                   |  1- 3 |  4- 6 |  7- 9 || total
-------------------------+-------+-------+-------++-------
Melee: War axe           |    92 |   108 |    94 ||   294
       Kick              |    14 |    16 |    39 ||    69
Invok: Sacrifice Love    |     1 |       |       ||     1
       Sacrifice Artific |       |     1 |       ||     1
  Use: Scroll            |     9 |     6 |     1 ||    16
Armor: Scale mail        |    58 |    56 |    29 ||   143
Dodge: Dodged            |    46 |    41 |    32 ||   119
Block: Buckler           |    26 |    15 |    18 ||    59
